 Dungeon Crawl Stone Soup version 0.21.1-1-g345015f (webtiles) character file.

52 gerrrit the Charlatan (level 3, 0/31 HPs)
             Began as a Deep Dwarf Artificer on Apr 2, 2018.
             Slain by an adder (3 damage)
             ... on level 2 of the Dungeon.
             The game lasted 00:10:47 (1693 turns).

gerrrit the Charlatan (Deep Dwarf Artificer)        Turns: 1693, Time: 00:10:47

Health: 0/31       AC:  3    Str: 13 (16) XL:     3   Next: 60%
Magic:  6/6        EV: 12    Int: 10 (11) God:
Gold:   118        SH:  0    Dex: 10 (13) Spells: 2/2 levels left

rFire    . . .     SeeInvis .   a - +0 short sword
rCold    . . .     Gourm    .   (no shield)
rNeg     . . .     Faith    .   b - +0 leather armour
rPois    .         Spirit   .   (no helmet)
rElec    .         Reflect  .   (no cloak)
rCorr    .         Harm     .   (no gloves)
MR       .....                  (no boots)
Stlth    +.........             (no amulet)
HPRegen  0.00/turn              (no ring)
MPRegen  0.10/turn              (no ring)

@: non-regenerating
A: damage resistance, heal wounds, sense surroundings 1, no regeneration
a: Heal Wounds


You were on level 2 of the Dungeon.
You were not hungry.

You visited 1 branch of the dungeon, and saw 2 of its levels.

You collected 118 gold pieces.

Inventory:

Hand Weapons
 a - a +0 short sword (weapon)
Armour
 b - a +0 leather armour (worn)
Wands
 c - a wand of flame (12)
 d - a wand of enslavement (10)
 e - a wand of random effects (11)
Scrolls
 h - 3 scrolls of remove curse
 j - a scroll of identify
Potions
 g - a potion of might
 i - a potion of flight
Comestibles
 f - 3 rations


   Skills:
 + Level 1.3 Fighting
 + Level 1.5 Short Blades
 + Level 0.9 Armour
 + Level 2.6 Dodging
 + Level 1.5 Stealth
 + Level 4.9 Evocations


You had 2 spell levels left.
You didn't know any spells.

Dungeon Overview and Level Annotations

Branches:
Dungeon (2/15)

Altars:


Innate Abilities, Weirdness & Mutations

You are resistant to damage.
You can heal yourself by infusing magical energy.
You passively map a small area around you.
You do not regenerate.


Message History

The adder is no longer charmed.
The adder bites you.
* * * LOW HITPOINT WARNING * * *
The adder misses you.
You closely miss the adder. The adder bites you but does no damage.
You hit the adder.
The adder is moderately wounded.
The adder barely misses you.
You closely miss the adder.
The adder is moderately wounded.
The adder bites you. The adder barely misses you.
You closely miss the adder.
The adder is lightly wounded.
The adder completely misses you.
You miss the adder.
The adder is lightly wounded.
The adder bites you.
You barely miss the adder.
The adder is lightly wounded.
The adder bites you.
You die...

, , #. #.###### *
#.####......#
##...........# ,
.....#..#.##########
........#.##.......#
##....#...##.......#
#.......###.......#
*#.........#.......#
......#.##..@S†....#
......#.####.......#
......#.##.........#
.#... ..##.#.......#
#... .###.#.......#
### #. ,. #.......#
* #.,.#*######### ##
,


You could see an adder.

Vanquished Creatures
  An adder (D:2)
  An ooze (D:2)
  A dart slug (D:1)
  4 bats (D:1)
  A giant cockroach (D:2)
  5 hobgoblins
  3 jackals (D:1)
  5 kobolds
  3 goblins
  10 rats
34 creatures vanquished.

Vanquished Creatures (collateral kills)
  A worm (D:2)
  A dart slug (D:2)
  A hobgoblin (D:2)
3 creatures vanquished.

Vanquished Creatures (others)
  2 hobgoblins (D:2)
2 creatures vanquished.

Grand Total: 39 creatures vanquished

Notes
Turn   | Place    | Note
-------+----------+-------------------------------------------
     0 | D:1      | gerrrit the Deep Dwarf Artificer began the quest for the Orb.
     0 | D:1      | Reached XP level 1. HP: 16/16 MP: 3/3
   360 | D:1      | Reached XP level 2. HP: 18/24 MP: 5/5
   618 | D:1      | Reached skill level 1 in Short Blades
  1008 | D:2      | Reached skill level 1 in Fighting
  1075 | D:2      | Reached XP level 3. HP: 23/31 MP: 6/6
  1693 | D:2      | Slain by an adder

Skill      XL: |  1  2 |
---------------+-------+-----
Short Blades   | 1 |  1.5
Fighting       | 1 |  1.3
Armour         | |  0.9
Dodging        | |  2.6
Stealth        | |  1.5
Evocations     | |  4.9

Action                   || total
-------------------------++-------
Melee: Short sword       ||   128
Evoke: Wand              ||    12
  Use: Potion            ||     5
       Scroll            ||     3
 Stab: Sleeping          ||     6
       Invisible         ||     1
       Distracted        ||     1
  Eat: Ration            ||     1
Armor: Leather armour    ||    36
Dodge: Dodged            ||    96
